 Dungeon Crawl Stone Soup version 0.29-a0-902-g0f71de6fce (webtiles) character file.

Game seed: 15947956446981341867

49 Malachi the Gusty (level 3, -3/24 HPs)
             Began as a Demonspawn Air Elementalist on July 24, 2022.
             Slain by Crazy Yiuf
             ... wielding a +2 quarterstaff of chaos
              (14 damage)
             ... on level 2 of the Dungeon.
             The game lasted 00:03:32 (1792 turns).

Malachi the Gusty (Demonspawn Air Elementalist)     Turns: 1792, Time: 00:03:33

Health: -3/24      AC:  2    Str:  8    XL:     3   Next: 53%
Magic:  7/7        EV: 12    Int: 18    God:
Gold:   48         SH:  0    Dex: 13    Spells: 2/8 levels left

rFire   . . .      SeeInvis .   k - +0 short sword
rCold   . . .      Faith    .   (no shield)
rNeg    . . .      Spirit   .   a - +0 robe
rPois   .          Reflect  .   (no helmet)
rElec   .          Harm     .   (no cloak)
rCorr   .          Rampage  .   (no gloves)
Will    .....                   (no boots)
Stlth   ++........              (no amulet)
HPRegen 0.08/turn               (no ring)
MPRegen 0.20/turn               (no ring)

@: no status effects
A: magic regeneration
a: no special abilities


You were on level 2 of the Dungeon.
You visited 1 branch of the dungeon, and saw 2 of its levels.

You collected 48 gold pieces.

Inventory:

Hand Weapons
 k - a +0 short sword (weapon)
Missiles
 o - a throwing net
Armour
 a - a +0 robe (worn)
Jewellery
 d - a +6 ring of strength
Wands
 m - a wand of acid (3)
Scrolls
 e - 4 scrolls of identify {unknown}
 f - a scroll of blinking {unknown}
 g - a scroll of teleportation {unknown}
 h - a scroll of brand weapon {unknown}
 l - a scroll of enchant armour {unknown}
 n - a scroll of magic mapping {unknown}
Potions
 b - a potion of magic
 c - a potion of might {unknown}
 i - a potion of heal wounds {unknown}
 j - 3 potions of curing {unknown}
 p - a potion of degeneration {unknown}
 q - a potion of ambrosia {unknown}


   Skills:
 - Level 1.7 Dodging
 - Level 1.7 Stealth
 + Level 3.0 Spellcasting
 - Level 1.0 Conjurations
 + Level 3.5 Air Magic


You had 2 spell levels left.
You knew the following spells:

 Your Spells              Type           Power      Damage    Failure   Level
a - Shock                 Conj/Air       40%        1d5       6%          1
b - Static Discharge      Conj/Air       10%        3-5/arc   10%         2
c - Swiftness             Air            15%        N/A       12%         3

Your spell library contained the following spells:

 Spells                   Type           Power      Damage    Failure   Level
 Airstrike                Air            7%         0-4+      36%         4


Dungeon Overview and Level Annotations

Branches:
Dungeon (2/15)

Altars:
Xom

Annotations:
D:2 Crazy Yiuf


Innate Abilities, Weirdness & Mutations

You regenerate magic rapidly.


Message History

You see here a +0 robe.
Found a hammer.
Found a runed translucent door.
Crazy Yiuf shouts!
Crazy Yiuf laughs, "Castle King bush!"
A goblin comes into view. It is wielding a +0 club.
A goblin is nearby!
A goblin is nearby!
Aiming: Shock (safe; 7% risk of failure)
Press: ? - help, Q - select action, (/) - cycle Shift-Dir - straight line The zap hits the goblin.
You kill the goblin!
Unknown command.
Aiming: Shock (safe; 6% risk of failure)
Press: ? - help, Q - select action, (/) - cycle Shift-Dir - straight line, f - you That beam is likely to hit you.
Continue anyway?
Okay, then.
Unknown command.
A frilled lizard comes into view.
Aiming: Shock (safe; 6% risk of failure)
Press: ? - help, Q - select action, (/) - cycle Shift-Dir - straight line The zap hits the frilled lizard.
You kill the frilled lizard!
Your Spellcasting skill increases to level 3!
Unknown command.
Press: ? - help, v - describe, . - travel
Here: Crazy Yiuf, wielding a +2 quarterstaff of chaos and wearing a +2 cloak of preservation (fire blocked by a runed translucent door)
The floor.
Unknown command.
Okay, then.
You open the door.
Aiming: Corrosive Bolt
Press: ? - help, Shift-Dir - straight line, f - Crazy Yiuf
Aim: Crazy Yiuf, wielding a +2 quarterstaff of chaos and wearing a +2 cloak of preservation (75% to hit)
The bolt of acid hits Crazy Yiuf.
Crazy Yiuf is moderately wounded.
Crazy Yiuf hits you with a +2 quarterstaff of chaos!
Ouch! That really hurt!
Space warps horribly around you!
Ouch! That really hurt!
You die...

## #### #. ).# #.###.#
#...#.# #(...†###♣♣♣♣♣
#. ##...####...♣.♣♣♣
### #..
......#......♣..♣#...#
#...
.#..........♣♣♣♣@g...#
#... .#..#[..#..♣♣
♣♣#..)# #...######
..<.....##♣♣ ###
#......... ...#....#
#...... ...####.#
#...... ...'....#
###...... ...####.#
#........
##.####'#####
#....._.. #.#........#
#........


You could see Crazy Yiuf.

Vanquished Creatures
  An adder (D:2)
  A worm (D:2)
  A dart slug (D:2)
  7 endoplasms (D:1)
  2 giant cockroaches
  2 goblins
  A hobgoblin (D:2)
  2 kobolds (D:1)
  3 quokkas
  A ball python (D:2)
  A bat (D:2)
  6 frilled lizards
  7 rats
35 creatures vanquished.

Notes
Turn   | Place    | Note
-------+----------+-------------------------------------------
     0 | D:1      | Malachi the Demonspawn Air Elementalist began the quest for
                  | the Orb.
     0 | D:1      | Reached XP level 1. HP: 13/13 MP: 3/3
   394 | D:1      | Gained mutation: You regenerate magic rapidly. [demonic
                  | ancestry]
   394 | D:1      | Reached XP level 2. HP: 19/19 MP: 1/5
   814 | D:1      | Found a faded altar of an unknown god.
   818 | D:1      | Learned a level 2 spell: Static Discharge
   864 | D:2      | Found a shimmering altar of Xom.
  1496 | D:2      | Reached XP level 3. HP: 23/24 MP: 0/7
  1531 | D:2      | Learned a level 3 spell: Swiftness
  1753 | D:2      | Found a runed translucent door.
  1754 | D:2      | Noticed Crazy Yiuf
  1792 | D:2      | Slain by Crazy Yiuf

Illustrated notes

Levels and vault maps discovered:
D:1:      matt_arrival_refuge, layout_rooms, hellmonk_ecumenical_altar_lost_god
D:2:      layout_basic, basic_altar, uniq_crazy_yiuf_cottage

Skill      XL: |  1  2  3 |
---------------+----------+-----
Air Magic      | 3 |  3.5
Spellcasting   | 3 |  3.0
Dodging        | |  1.7
Stealth        | |  1.7
Conjurations   | |  1.0

Action                   || total
-------------------------++-------
Melee: Unarmed           ||     6
       Short sword       ||    13
 Cast: Shock             ||    86
       Static Discharge  ||     1
Evoke: Wand              ||     1
Armor: Robe              ||    10
Dodge: Dodged            ||    30

Table legend: (Time is in decaauts)
 A = Elapsed time spent in this place.
 B = Non-inter-level travel time spent in this place.
 C = Inter-level travel time spent in this place.
 D = Time resting spent in this place.
 E = Time spent auto-exploring this place.
 F = Levels seen in this place.
 G = Mean time per level.
                   A        B        C        D        E       F      G
               +--------+--------+--------+--------+--------+-----+--------+
         Total |   1795 |   1726 |     69 |    573 |    839 |   2 |  897.5 |
       Dungeon |   1795 |   1726 |     69 |    573 |    839 |   2 |  897.5 |
               +--------+--------+--------+--------+--------+-----+--------+

Top non-repeatable levels by time:
     D:1: 1117 daAuts
     D:2: 677 daAuts
